 Dungeon Crawl Stone Soup version 0.29.1-2-gbd0b4ee654 (webtiles) character file.

Game seed: 10581322890519921583

9 sanboga the Trooper (level 2, -5/24 HPs)
             Began as a Demonspawn Berserker on Nov 29, 2022.
             Was a Follower of Trog.
             Slain by a worm (7 damage)
             ... on level 2 of the Dungeon.
             The game lasted 00:00:47 (467 turns).

sanboga the Trooper (Demonspawn Berserker)           Turns: 467, Time: 00:00:48

Health: -5/24      AC:  2    Str: 17    XL:     2   Next: 3%
Magic:  2/2        EV: 12    Int: 10    God:    Trog [*.....]
Gold:   15         SH:  0    Dex: 12    Spells: 1/1 levels left

rFire   . . .      SeeInvis .     - Unarmed
rCold   . . .      Faith    .   (no shield)
rNeg    . . .      Spirit   .   a - +0 animal skin
rPois   .          Reflect  .   (no helmet)
rElec   .          Harm     .   (no cloak)
rCorr   .          Rampage  .   (no gloves)
Will    .....                   (no boots)
Stlth   +.........              (no amulet)
HPRegen 0.08/turn               (no ring)
MPRegen 0.08/turn               (no ring)

@: no status effects
A: big brain 1
a: Renounce Religion, Berserk


You were on level 2 of the Dungeon.
You worshipped Trog.
Trog was aware of your devotion.
You visited 1 branch of the dungeon, and saw 2 of its levels.

You collected 15 gold pieces.

Inventory:

Armour
 a - a +0 animal skin (worn)
Scrolls
 b - a scroll of brand weapon {unknown}
Potions
 c - a potion of flight {unknown}


   Skills:
 + Level 3.1 Fighting
 + Level 2.0 Armour
 - Level 1.7 Dodging
 * Level 3.0 Unarmed Combat


You had one spell level left.
You didn't know any spells.
Your spell library was empty.

Dungeon Overview and Level Annotations

Branches:
Dungeon (1/15)

Altars:


Innate Abilities, Weirdness & Mutations

You have an unusually large brain. (Int +2)


Message History

You hit the hobgoblin but do no damage.
The hobgoblin is severely wounded.
The hobgoblin hits you.
You hit the hobgoblin.
You kill the hobgoblin!
Trog accepts your kill.
Your Armour skill increases to level 2!
No target in view!
No target in view!
No target in view!
No target in view!
You see here a hobgoblin corpse.
You open the door.
There is an open door here.
You open the door.
A worm and a gnoll come into view.
There is an open door here.
A kobold comes into view. It is wielding a +0 whip.
The kobold shouts!
The kobold misses you. The kobold misses you.
You hit the kobold.
The kobold is severely wounded.
The kobold hits you with a +0 whip.
You hit the kobold.
You kill the kobold!
Trog accepts your kill.
Your Unarmed Combat skill increases to level 3!
You have reached level 2!
Your demonic ancestry asserts itself...
Your brain expands.
The worm bites you! The worm bites you. The worm bites you but does no damage.
The worm bites you!
* * * LOW HITPOINT WARNING * * *
The worm bites you but does no damage. The worm barely misses you.
The worm bites you!
You die...

##### .......
........##
..........+ ####
...........# ...#
............#
...##...........).#
...'.........####.#
...#####.#.....##.#
...#####+#####.w@.#
..................#
...#.##...........#
...#'##...........#
...........######.#
...........# #...
...........# .....
.....####### ....#.
...... ...#


You could see a worm.

Vanquished Creatures
  An endoplasm (D:1)
  A hobgoblin (D:2)
  2 kobolds
  A ball python (D:1)
  A bat (D:1)
  A frilled lizard (D:2)
  2 rats
9 creatures vanquished.

Notes
Turn   | Place    | Note
-------+----------+-------------------------------------------
     0 | D:1      | sanboga the Demonspawn Berserker began the quest for the
                  | Orb.
     0 | D:1      | Reached XP level 1. HP: 18/18 MP: 1/1
   279 | D:1      | You fall into a shaft and drop 1 floor!
   453 | D:2      | Gained mutation: You have an unusually large brain. (Int
                  | +2) [demonic ancestry]
   453 | D:2      | Reached XP level 2. HP: 22/24 MP: 2/2
   467 | D:2      | Slain by a worm

Illustrated notes

Levels and vault maps discovered:
D:1:      lightli_molten_gateway, layout_loops_corners,
          dreamdust_ecumenical_altar_angels_and_demons, serial_shops,
          nicolae_lakefront_shop
D:2:      layout_basic, basic_altar, guppyfry_early_lair_pool

Skill      XL: |  1 |
---------------+----+-----
Armour         | 2 |  2.0
Unarmed Combat | 3 |  3.0
Fighting       | |  3.1
Dodging        | |  1.7

Action                   || total
-------------------------++-------
Melee: Unarmed           ||    28
Armor: Animal skin       ||     6
Dodge: Dodged            ||    17
